TOP OF THE 1ST |
---|
Wilmington Rebels batting - Pitching for Buffalo LightSabres : RHP Júlio Ruíz | Pitching: RHP Júlio Ruíz | | Batting: RHB Henry Haines | 0-0: Ball 1-0: Ball 2-0: Foul Ball, location: 2F 2-1: Ball 3-1: DOUBLE (Line Drive, 7LD) | Batting: RHB Marlon Hernández | 0-0: Ball 1-0: SINGLE (Flyball, 78M) Henry Haines to third | Batting: LHB Guillermo Santos | 0-0: Ball 1-0: Ball 2-0: SINGLE (Groundball, 3D) Henry Haines scores Marlon Hernández to second Runner from 2nd tries for 3rd, SAFE, no throw | Batting: LHB Miguel Medellín | 0-0: Fielders Choice at 2nd, 1-4 (Groundball, 15S) | Batting: LHB Juan Vásquez | 0-0: Ball Miguel Medellín is caught stealing 2nd base 1-0: Ball 2-0: Ground out 4-3 (Groundball, 4) | Top of the 1st over - 1 run, 3 hits, 0 errors, 1 left on base; Wilmington 1 - Buffalo 0 | BOTTOM OF THE 1ST |
---|
Buffalo LightSabres batting - Pitching for Wilmington Rebels : RHP Francisco Luna | Pitching: RHP Francisco Luna | | Batting: RHB Alfredo Villegas | 0-0: Called Strike 0-1: Ball 1-1: Called Strike 1-2: Ball 2-2: Ball 3-2: Strikes out swinging | Batting: RHB Júlio López | 0-0: Ball 1-0: SINGLE (Line Drive, 78M) | Batting: RHB Mike Wagner | 0-0: Ball 1-0: Ball 2-0: Called Strike Júlio López is caught stealing 2nd base 2-1: Fly out, F9 (Line Drive, 9S) | Bottom of the 1st over - 0 runs, 1 hit, 0 errors, 0 left on base; Wilmington 1 - Buffalo 0 | TOP OF THE 2ND |
---|
Wilmington Rebels batting - Pitching for Buffalo LightSabres : RHP Júlio Ruíz | Batting: LHB Marv Alexander | 0-0: Ground out 6-3 (Groundball, 6MS) | Batting: LHB Ivan Costello | 0-0: Ground out 3-1 (Groundball, 34) | Batting: LHB Seth Sullivan | 0-0: Swinging Strike 0-1: Ball 1-1: Ball 2-1: Foul Ball, location: 2F 2-2: Strikes out swinging | Top of the 2nd over - 0 runs, 0 hits, 0 errors, 0 left on base; Wilmington 1 - Buffalo 0 | BOTTOM OF THE 2ND |
---|
Buffalo LightSabres batting - Pitching for Wilmington Rebels : RHP Francisco Luna | Batting: RHB Augusto Padilla | 0-0: Ball 1-0: Ball 2-0: Ball 3-0: Called Strike 3-1: Base on Balls | Batting: LHB Rob Davidson | 0-0: Ball 1-0: Foul Ball, location: 2F 1-1: Called Strike 1-2: Ball 2-2: Foul Ball, location: 2F 2-2: Ball 3-2: Foul Ball, location: 2F 3-2: Foul Ball, location: 2F 3-2: SINGLE (Groundball, 4D) Augusto Padilla to second Augusto Padilla to third | Batting: RHB Abraham Hardy | 0-0: Ball 1-0: Foul Ball, location: 2F 1-1: Called Strike 1-2: Foul Ball, location: 2F 1-2: Ball 2-2: Ball 3-2: Fly out, F7 (Flyball, 7D) Runner from 3rd tags up, SCORES, no throw | Batting: RHB Sean King | 0-0: Ball 1-0: Ball 2-0: Fly out, F6 (Popup, 6M) | Batting: LHB Emílio Montoya | 0-0: Ball 1-0: Called Strike Rob Davidson steals 2nd base 1-1: Fly out, F4 (Popup, 4D) | Bottom of the 2nd over - 1 run, 1 hit, 0 errors, 1 left on base; Wilmington 1 - Buffalo 1 | TOP OF THE 3RD |
---|
Wilmington Rebels batting - Pitching for Buffalo LightSabres : RHP Júlio Ruíz | Batting: RHB Eugene Allen | 0-0: Called Strike 0-1: SINGLE (Line Drive, 5S) | Batting: RHB Henry Haines | 0-0: Foul Ball, location: 2F 0-1: Called Strike 0-2: Foul Ball, location: 2F 0-2: Ball 1-2: Ball 2-2: Strikes out swinging | Batting: RHB Marlon Hernández | 0-0: Ball 1-0: Ball 2-0: Ball 3-0: Base on Balls Eugene Allen to second | Batting: LHB Guillermo Santos | 0-0: Foul Ball, location: 2F 0-1: Ball 1-1: Called Strike 1-2: Foul Ball, location: 2F 1-2: Ball 2-2: Grounds into double play, 4-6-3 (Groundball, 4D) | Top of the 3rd over - 0 runs, 1 hit, 0 errors, 1 left on base; Wilmington 1 - Buffalo 1 | BOTTOM OF THE 3RD |
---|
Buffalo LightSabres batting - Pitching for Wilmington Rebels : RHP Francisco Luna | Batting: RHB Daniel Riddle | 0-0: Swinging Strike 0-1: SINGLE (Groundball, 4MD) | Batting: RHB Alfredo Villegas | 0-0: Ball 1-0: SINGLE (Groundball, 56D) Daniel Riddle to second | Batting: RHB Júlio López | 0-0: Ball 1-0: Called Strike 1-1: Hit by Pitch Daniel Riddle to third Alfredo Villegas to second | Batting: RHB Mike Wagner | 0-0: Ball 1-0: Fly out, F9 (Flyball, 9) | Batting: RHB Augusto Padilla | 0-0: Called Strike 0-1: Ball 1-1: Foul Ball, location: 2F 1-2: Fly out, F5 (Popup, 56S) | Batting: LHB Rob Davidson | 0-0: Ball 1-0: Ball 2-0: Foul Ball, location: 2F 2-1: Swinging Strike 2-2: Foul Ball, location: 2F 2-2: Ball Wild Pitch! Daniel Riddle scores Alfredo Villegas to third Júlio López to second 3-2: Ground out 1-3 (Groundball, P) | Bottom of the 3rd over - 1 run, 2 hits, 0 errors, 2 left on base; Wilmington 1 - Buffalo 2 | TOP OF THE 4TH |
---|
Wilmington Rebels batting - Pitching for Buffalo LightSabres : RHP Júlio Ruíz | Batting: LHB Miguel Medellín | 0-0: Called Strike 0-1: Ball 1-1: Called Strike 1-2: Fly out, F8 (Flyball, 8LM) | Batting: LHB Juan Vásquez | 0-0: Ball 1-0: Foul Ball, location: 2F 1-1: Ball 2-1: Ground out 3-1 (Groundball, 34S) | Batting: LHB Marv Alexander | 0-0: Called Strike 0-1: Foul Ball, location: 2F 0-2: Ground out U3 (Groundball, 3L) | Top of the 4th over - 0 runs, 0 hits, 0 errors, 0 left on base; Wilmington 1 - Buffalo 2 | BOTTOM OF THE 4TH |
---|
Buffalo LightSabres batting - Pitching for Wilmington Rebels : RHP Francisco Luna | Batting: RHB Abraham Hardy | 0-0: Ball 1-0: Foul Ball, location: 2F 1-1: Foul Ball, location: 2F 1-2: Ball 2-2: Ball 3-2: Strikes out looking | Batting: RHB Sean King | 0-0: Ball 1-0: Swinging Strike 1-1: Called Strike 1-2: Strikes out swinging | Batting: LHB Emílio Montoya | 0-0: Called Strike 0-1: Swinging Strike 0-2: Foul Ball, location: 2F 0-2: Ball 1-2: Strikes out swinging | Bottom of the 4th over - 0 runs, 0 hits, 0 errors, 0 left on base; Wilmington 1 - Buffalo 2 | TOP OF THE 5TH |
---|
Wilmington Rebels batting - Pitching for Buffalo LightSabres : RHP Júlio Ruíz | Batting: LHB Ivan Costello | 0-0: Called Strike 0-1: Called Strike 0-2: Foul Ball, location: 2F 0-2: Strikes out swinging | Batting: LHB Seth Sullivan | 0-0: Called Strike 0-1: Ball 1-1: Ball 2-1: SINGLE (Flyball, 89M) | Batting: RHB Eugene Allen | 0-0: Foul Ball, location: 2F 0-1: Called Strike 0-2: Fielders Choice at 2nd, 6-4 (Groundball, 6) | Batting: RHB Henry Haines | 0-0: Called Strike 0-1: DOUBLE (Line Drive, 9LD) Eugene Allen to third Runner from 3rd tries for Home, SAFE, no throw | Batting: RHB Marlon Hernández | 0-0: Ball Passed Ball! Henry Haines to third 1-0: Ball 2-0: Swinging Strike 2-1: Ground out 6-3 (Groundball, 6) | Top of the 5th over - 1 run, 2 hits, 0 errors, 1 left on base; Wilmington 2 - Buffalo 2 | BOTTOM OF THE 5TH |
---|
Buffalo LightSabres batting - Pitching for Wilmington Rebels : RHP Francisco Luna | Batting: RHB Daniel Riddle | 0-0: Foul Ball, location: 2F 0-1: Foul Ball, location: 2F 0-2: Strikes out swinging | Batting: RHB Alfredo Villegas | 0-0: Called Strike 0-1: Foul Ball, location: 2F 0-2: Ball 1-2: Ground out 4-3 (Groundball, 4) | Batting: RHB Júlio López | 0-0: Ball 1-0: Ball 2-0: Swinging Strike 2-1: Swinging Strike 2-2: Strikes out looking | Bottom of the 5th over - 0 runs, 0 hits, 0 errors, 0 left on base; Wilmington 2 - Buffalo 2 | TOP OF THE 6TH |
---|
Wilmington Rebels batting - Pitching for Buffalo LightSabres : RHP Júlio Ruíz | Batting: LHB Guillermo Santos | 0-0: Ball 1-0: Ball 2-0: Called Strike 2-1: Ball 3-1: Foul Ball, location: 2F 3-2: Strikes out swinging | Batting: LHB Miguel Medellín | 0-0: Called Strike 0-1: Ball 1-1: Called Strike 1-2: Ball 2-2: Ball 3-2: Base on Balls | Batting: LHB Juan Vásquez | 0-0: Swinging Strike Miguel Medellín steals 2nd base 0-1: Fly out, F1 (Line Drive, 13) | Batting: LHB Marv Alexander | 0-0: Ball 1-0: Ball 2-0: Swinging Strike 2-1: Foul Ball, location: 2F 2-2: Foul Ball, location: 2F 2-2: Strikes out looking | Top of the 6th over - 0 runs, 0 hits, 0 errors, 1 left on base; Wilmington 2 - Buffalo 2 | BOTTOM OF THE 6TH |
---|
Buffalo LightSabres batting - Pitching for Wilmington Rebels : RHP Francisco Luna | Batting: RHB Mike Wagner | 0-0: Called Strike 0-1: Ball 1-1: DOUBLE (Line Drive, 9LM) | Pitching: LHP Brian Hodges | | Batting: RHB Augusto Padilla | 0-0: Intentional Walk | Batting: LHB Rob Davidson | 0-0: Ball 1-0: Ball 2-0: Ball 3-0: Called Strike 3-1: Base on Balls Mike Wagner to third Augusto Padilla to second | Batting: RHB Abraham Hardy | 0-0: Called Strike 0-1: Ball 1-1: Ball 2-1: Foul Ball, location: 2F 2-2: Ball 3-2: SINGLE (Groundball, 56D) Mike Wagner scores Augusto Padilla to third Rob Davidson to second Runner from 3rd tries for Home, throw and OUT! Rob Davidson to third Abraham Hardy to second | Batting: RHB Sean King | 0-0: Intentional Walk | Batting: LHB Emílio Montoya | 0-0: Ball 1-0: Ball 2-0: Ball 3-0: Called Strike 3-1: Base on Balls Rob Davidson scores Abraham Hardy to third Sean King to second | Batting: RHB Daniel Riddle | 0-0: Ball 1-0: Ball 2-0: Foul Ball, location: 2F 2-1: Fielders Choice at 2nd, 3-6 (Groundball, 34) Abraham Hardy scores Sean King to third | Batting: RHB Alfredo Villegas | 0-0: Ball 1-0: Fielders Choice at 2nd, 6-4 (Groundball, 56) | Bottom of the 6th over - 3 runs, 2 hits, 0 errors, 2 left on base; Wilmington 2 - Buffalo 5 | TOP OF THE 7TH |
---|
Wilmington Rebels batting - Pitching for Buffalo LightSabres : RHP Júlio Ruíz | Batting: LHB Ivan Costello | 0-0: Called Strike 0-1: SINGLE (Groundball, 4MS) (infield hit) | Batting: LHB Seth Sullivan | 0-0: Ball 1-0: Ball 2-0: Ball 3-0: Foul Ball, location: 2F 3-1: Base on Balls Ivan Costello to second | Batting: RHB Eugene Allen | 0-0: Fly out, F9 (Flyball, 89S) | Batting: RHB Henry Haines | 0-0: Swinging Strike 0-1: Ball 1-1: Swinging Strike 1-2: Strikes out swinging | Batting: RHB Marlon Hernández | 0-0: Ball 1-0: DOUBLE (Flyball, 89D) Ivan Costello scores Seth Sullivan to third Runner from 3rd tries for Home, SAFE, no throw | Batting: LHB Guillermo Santos | 0-0: Called Strike 0-1: Foul Ball, location: 2F 0-2: Fly out, F8 (Flyball, 8RM) | Top of the 7th over - 2 runs, 2 hits, 0 errors, 1 left on base; Wilmington 4 - Buffalo 5 | BOTTOM OF THE 7TH |
---|
Buffalo LightSabres batting - Pitching for Wilmington Rebels : LHP Brian Hodges | Batting: RHB Júlio López | 0-0: Ball 1-0: Called Strike 1-1: Called Strike 1-2: Foul Ball, location: 2F 1-2: Ground out 4-3 (Groundball, 4) | Batting: RHB Mike Wagner | 0-0: Foul Ball, location: 2F 0-1: Ball 1-1: Ground out 6-3 (Groundball, 56) | Batting: RHB Augusto Padilla | 0-0: Called Strike 0-1: Fly out, F7 (Flyball, 7S) | Bottom of the 7th over - 0 runs, 0 hits, 0 errors, 0 left on base; Wilmington 4 - Buffalo 5 | TOP OF THE 8TH |
---|
Wilmington Rebels batting - Pitching for Buffalo LightSabres : RHP Júlio Ruíz | Pitching: RHP Raymond Gibbons | | Now at 3B: Pedro Romero | | Batting: LHB Miguel Medellín | 0-0: Foul Ball, location: 2F 0-1: Ball 1-1: SINGLE (Line Drive, 8LM) | Batting: LHB Juan Vásquez | 0-0: Called Strike 0-1: Swinging Strike 0-2: Foul Ball, location: 2F 0-2: Strikes out swinging | Batting: LHB Marv Alexander | 0-0: Ball 1-0: Called Strike 1-1: Ball 2-1: Foul Ball, location: 2F 2-2: Ball 3-2: Base on Balls Miguel Medellín to second | Batting: LHB Ivan Costello | 0-0: Reached on error, E3 (Groundball, 3) Miguel Medellín to third Marv Alexander to second | Batting: LHB Seth Sullivan | 0-0: Grounds into fielders choice 3-2 (Groundball, 34) Marv Alexander to third Ivan Costello to second | Batting: RHB Eugene Allen | 0-0: DOUBLE (Line Drive, 7LD) Marv Alexander scores Ivan Costello scores Seth Sullivan to third Runner from 3rd tries for Home, SAFE, no throw | Batting: RHB Henry Haines | 0-0: Called Strike 0-1: Swinging Strike 0-2: Foul Ball, location: 2F 0-2: Ball 1-2: Ground out 6-3 (Groundball, 6MS) | Top of the 8th over - 3 runs, 2 hits, 1 error, 1 left on base; Wilmington 7 - Buffalo 5 | BOTTOM OF THE 8TH |
---|
Buffalo LightSabres batting - Pitching for Wilmington Rebels : LHP Brian Hodges | Pitching: LHP Ken Johnston | | Batting: LHB Rob Davidson | 0-0: Ball 1-0: Ball 2-0: Ball 3-0: Called Strike 3-1: Foul Ball, location: 2F 3-2: Fly out, F8 (Flyball, 8LM) | Batting: RHB Abraham Hardy | 0-0: Called Strike 0-1: Ball 1-1: Foul Ball, location: 2F 1-2: Fly out, F3 (Line Drive, 3) | Batting: RHB Sean King | 0-0: Foul Ball, location: 2F 0-1: Ball 1-1: Swinging Strike 1-2: Ball 2-2: Fly out, F6 (Line Drive, 6) | Bottom of the 8th over - 0 runs, 0 hits, 0 errors, 0 left on base; Wilmington 7 - Buffalo 5 | TOP OF THE 9TH |
---|
Wilmington Rebels batting - Pitching for Buffalo LightSabres : RHP Raymond Gibbons | Pitching: RHP Jerry Catron | | Batting: RHB Marlon Hernández | 0-0: Foul Ball, location: 2F 0-1: DOUBLE (Line Drive, 7D) | Batting: LHB Guillermo Santos | 0-0: Called Strike 0-1: SINGLE (Groundball, 34D) Marlon Hernández to third | Batting: LHB Miguel Medellín | 0-0: Ball 1-0: Foul Ball, location: 2F 1-1: SINGLE (Line Drive, 4MD) Marlon Hernández scores Guillermo Santos to second | Batting: LHB Juan Vásquez | 0-0: Ball 1-0: SINGLE (Line Drive, 89S) Guillermo Santos to third Miguel Medellín to second | Batting: LHB Marv Alexander | 0-0: Foul Ball, location: 2F 0-1: Ball 1-1: Foul Ball, location: 2F 1-2: Strikes out swinging | Batting: LHB Ivan Costello | 0-0: Ball 1-0: Grounds into fielders choice 4-2 (Groundball, 4MS) Miguel Medellín to third Juan Vásquez to second | Batting: LHB Seth Sullivan | 0-0: Ball 1-0: Foul Ball, location: 2F 1-1: Ball 2-1: Foul Ball, location: 2F 2-2: Ground out 5-3 (Groundball, 56S) | Top of the 9th over - 1 run, 4 hits, 0 errors, 3 left on base; Wilmington 8 - Buffalo 5 | BOTTOM OF THE 9TH |
---|
Buffalo LightSabres batting - Pitching for Wilmington Rebels : LHP Ken Johnston | Batting: LHB Emílio Montoya | 0-0: Ball 1-0: Ball 2-0: Ball 3-0: Called Strike 3-1: Called Strike 3-2: Base on Balls | Batting: RHB Daniel Riddle | 0-0: Ball 1-0: Called Strike 1-1: Ball 2-1: Foul Ball, location: 2F 2-2: Strikes out swinging | Batting: RHB Alfredo Villegas | 0-0: Ball 1-0: Called Strike 1-1: Grounds into double play, 5-4-3 (Groundball, 56) | Bottom of the 9th over - 0 runs, 0 hits, 0 errors, 0 left on base; Wilmington 8 - Buffalo 5 | |